 Dungeon Crawl Stone Soup version 0.28-a0-1524-ge72afd5fc6 (webtiles) character file.

Game seed: 1448677453305437455

4 dave1331 the Stinger (level 1, 0/20 HPs)
             Began as a Gnoll Wanderer on Jan 17, 2022.
             Was a Follower of Zin.
             Slain by a jackal (1 damage)
             ... on level 1 of the Dungeon.
             The game lasted 00:02:04 (134 turns).

dave1331 the Stinger (Gnoll Wanderer)                Turns: 134, Time: 00:02:04

Health: 0/20       AC:  2    Str:  8    XL:     1   Next: 70%
Magic:  4/4        EV:  9    Int: 13    God:    Zin [*.....]
Gold:   13         SH:  6    Dex: 12    Spells: 4/5 levels left

rFire   . . .      SeeInvis .   a - +1 short sword
rCold   . . .      Faith    .   d - +0 kite shield
rNeg    . . .      Spirit   .   b - +0 robe
rPois   .          Reflect  .   (no helmet)
rElec   .          Harm     .   (no cloak)
rCorr   .          Rampage  .   (no gloves)
Will    .....                   (no boots)
Stlth   ++........              (no amulet)
HPRegen 0.06/turn               (no ring)
MPRegen 0.09/turn               (no ring)

@: no status effects
A: fangs 1, strong nose, distributed training
a: Renounce Religion, Recite, Donate Gold


You were on level 1 of the Dungeon.
You worshipped Zin.
Zin was aware of your devotion.
You visited 1 branch of the dungeon, and saw 1 of its levels.

You collected 14 gold pieces.
You donated 1 gold pieces to Zin.

Inventory:

Hand Weapons
 a - a +1 short sword (weapon)
Armour
 b - a +0 robe (worn)
 d - a +0 kite shield (worn)
Scrolls
 c - a scroll of magic mapping {unknown}


   Skills:
 + Level 4.4 Fighting
 + Level 2.4 Short Blades
 + Level 0.1 Long Blades
 + Level 0.1 Axes
 + Level 0.1 Maces & Flails
 + Level 0.1 Polearms
 + Level 0.1 Staves
 + Level 0.1 Slings
 + Level 0.1 Bows
 + Level 0.1 Crossbows
 + Level 0.1 Throwing
 + Level 0.1 Armour
 + Level 0.1 Dodging
 + Level 2.2 Stealth
 + Level 0.1 Shields
 + Level 0.1 Unarmed Combat
 + Level 2.6 Spellcasting
 + Level 0.1 Conjurations
 + Level 0.1 Hexes
 + Level 0.1 Summonings
 + Level 0.1 Necromancy
 + Level 0.1 Translocations
 + Level 0.1 Transmutations
 + Level 0.1 Fire Magic
 + Level 0.1 Ice Magic
 + Level 0.1 Air Magic
 + Level 0.1 Earth Magic
 + Level 7.0 Poison Magic
 + Level 2.4 Invocations
 + Level 0.1 Evocations


You had 4 spell levels left.
You knew the following spells:

 Your Spells              Type           Power      Damage    Failure   Level
a - Sting                 Tmut/Pois      44%        1d5       21%         1

Your spell library contained the following spells:

 Spells                   Type           Power      Damage    Failure   Level
 Spider Form              Tmut/Pois      11%        N/A       52%         3
 Ignite Poison            Fire/Tmut/Pois 8%         N/A       67%         3


Dungeon Overview and Level Annotations

Branches:
Dungeon (1/15)

Altars:
Zin


Innate Abilities, Weirdness & Mutations

You have very sharp teeth.
Your uncanny sense of smell can sniff out nearby items.
Your experience applies equally to all skills.


Message History

You hit the hobgoblin but do no damage.
The hobgoblin is severely wounded.
The hobgoblin closely misses you.
You hit the hobgoblin.
You kill the hobgoblin!
You hit the jackal but do no damage. The jackal barely misses you.
The jackal bites you.
You closely miss the jackal. The jackal bites you. The jackal misses you.
You barely miss the jackal. You bite the jackal, but do no damage.
The jackal closely misses you.
You hit the jackal but do no damage. The jackal bites you. x2
You hit the jackal but do no damage. You block the jackal's attack. x2
You hit the jackal but do no damage. Your bite misses the jackal.
The jackal bites you.
You closely miss the jackal. You bite the jackal, but do no damage.
The jackal completely misses you. The jackal bites you.
* * * LOW HITPOINT WARNING * * *
You closely miss the jackal. Your bite misses the jackal.
The jackal barely misses you. The jackal bites you.
* * * LOW HITPOINT WARNING * * *
You closely miss the jackal. Your bite misses the jackal.
The jackal bites you but does no damage.
You hit the jackal.
The jackal is moderately wounded.
The jackal bites you but does no damage. x2
You closely miss the jackal.
The jackal is moderately wounded.
The jackal closely misses you. The jackal barely misses you.
You hit the jackal. You bite the jackal, but do no damage.
The jackal is heavily wounded.
The jackal barely misses you. The jackal closely misses you.
You completely miss the jackal.
The jackal is heavily wounded.
The jackal bites you.
* * * LOW HITPOINT WARNING * * *
You hit the jackal but do no damage.
The jackal is heavily wounded.
The jackal closely misses you. The jackal bites you.
You die...

### #.. #.# #######
#.# #
#.....###.######...#
#.###.##..@hh†).....
#.#.......######...#
#.#.#.##.## #
#.....##.# ∆
##†..###.# ∆
#........#
#####....##..# #
..........##..##.#
####.#.##.##.....


You could see 2 jackals.

Vanquished Creatures
  A giant cockroach (D:1)
  A goblin (D:1)
  A hobgoblin (D:1)
  A bat (D:1)
4 creatures vanquished.

Notes
Turn   | Place    | Note
-------+----------+-------------------------------------------
     0 | D:1      | dave1331 the Gnoll Wanderer began the quest for the Orb.
     0 | D:1      | dave1331 set off with the following items: a +1 short
                  | sword, a +0 robe; and the following spell memorised: Sting;
                  | and the following spells available to memorise: Spider
                  | Form, Ignite Poison
     0 | D:1      | Reached XP level 1. HP: 20/20 MP: 4/4
    49 | D:1      | Found a faded altar of an unknown god.
    60 | D:1      | Prayed at the altar of an unknown god.
    60 | D:1      | Became a worshipper of Zin the Law-Giver
    60 | D:1      | Reached * piety under Zin
   133 | D:1      | HP: 1/20 [jackal (3)]
   134 | D:1      | Slain by a jackal

Illustrated notes

Levels and vault maps discovered:
D:1:      heliophobic_arrival_battle_scene, layout_loops_ring,
          basic_ecumenical_altar

Action                   || total
-------------------------++-------
Melee: Short sword       ||    26
       Bite              ||     3
 Stab: Sleeping          ||     1
Armor: Robe              ||     8
Dodge: Dodged            ||    14
Block: Kite shield       ||     3

Table legend: (Time is in decaauts)
 A = Elapsed time spent in this place.
 B = Non-inter-level travel time spent in this place.
 C = Inter-level travel time spent in this place.
 D = Time resting spent in this place.
 E = Time spent auto-exploring this place.
 F = Levels seen in this place.
 G = Mean time per level.
                   A        B        C        D        E       F      G
               +--------+--------+--------+--------+--------+-----+--------+
         Total |    137 |     73 |     64 |      0 |      0 |   1 |  137.0 |
       Dungeon |    137 |     73 |     64 |      0 |      0 |   1 |  137.0 |
               +--------+--------+--------+--------+--------+-----+--------+

Top non-repeatable levels by time:
     D:1: 137 daAuts
